 Dungeon Crawl Stone Soup version 0.30-a0-722-g3e6e8c874d (webtiles) character file.

Game seed: 15736112943727622791

9312 retardedninja the Cleaver (level 11, 0/122 HPs)
             Began as a Hill Orc Fighter on Jan 27, 2023.
             Was a High Priest of Jiyva.
             Slain by a sun demon (17 damage)
             ... on level 11 of the Dungeon.
             The game lasted 00:13:13 (9258 turns).

retardedninja the Cleaver (Hill Orc Fighter)        Turns: 9258, Time: 00:13:14

Health: 0/122      AC: 30    Str: 28    XL:     11   Next: 44%
Magic:  6/12       EV:  7    Int:  7    God:    Jiyva [*****.]
Gold:   379        SH:  7    Dex:  9    Spells: 10/10 levels left

rFire   . . .      SeeInvis .    a - +2 war axe
rCold   . . .      Faith    .    c - +1 buckler
rNeg    . . .      Spirit   .    z - +0 plate armour
rPois   .          Reflect  .    (no helmet)
rElec   .          Harm     .    v - +2 cloak
rCorr   +          Rampage  .    d - +1 pair of gloves {infuse}
Will    .....                    r - +2 pair of boots Stlth
                                 (no amulet)
HPRegen 1.84/turn                (no ring)
MPRegen 0.58/turn                (no ring)

@: no status effects
A: iridescent scales 3, high MP 1, robust 2, strong 1
a: Renounce Religion, Oozemancy, Slimify


You were on level 11 of the Dungeon.
You worshipped Jiyva.
Jiyva was extremely pleased with you.
You visited 1 branch of the dungeon, and saw 11 of its levels.
You also visited: Sewer.

You collected 379 gold pieces.

Inventory:

Hand Weapons
 a - a +2 war axe (weapon)
Missiles
 y - 3 throwing nets (quivered)
Armour
 c - a +1 buckler (worn)
 d - a +1 pair of gloves of infusion (worn)
 r - a +2 pair of boots (worn)
 v - a +2 cloak (worn)
 z - a +0 plate armour (worn)
Jewellery
 s - an amulet of the acrobat
Wands
 p - a wand of flame (30)
 t - a wand of mindburst (11)
Scrolls
 e - a scroll of vulnerability
 i - a scroll of blinking {unknown}
 l - 8 scrolls of teleportation
 w - a scroll of identify
 A - a scroll of amnesia
Potions
 b - a potion of degeneration {unknown}
 f - 3 potions of curing
 h - 3 potions of attraction
 k - 2 potions of ambrosia
 n - a potion of haste {unknown}
 o - a potion of cancellation {unknown}
 q - 3 potions of mutation {unknown}
 u - 2 potions of brilliance
Miscellaneous
 x - a phantom mirror (inert)


   Skills:
 + Level 11.1 Fighting
 + Level 11.7 Axes
 + Level 10.2 Armour
 + Level 10.2 Shields
 - Level 1.3 Evocations


You had 10 spell levels left.
You didn't know any spells.
Your spell library contained the following spells:

 Spells                   Type           Power      Damage    Failure   Level
 Foxfire                  Conj/Fire      0%         2x1d4     99%         1
 Freeze                   Ice            0%         1d3       99%         1
 Ensorcelled Hibernation  Hex/Ice        0%         N/A       100%        2
 Frozen Ramparts          Ice            0%         1d1       100%        3
 Gell's Gravitas          Tloc           0%         N/A       100%        3
 Hailstorm                Conj/Ice       0%         3d3       100%        3
 Spider Form              Tmut/Pois      0%         N/A       100%        3
 Summon Guardian Golem    Hex/Summ       0%         N/A       100%        3
 Teleport Other           Tloc           0%         N/A       100%        3
 Anguish                  Hex/Necr       0%         N/A       100%        4
 Summon Ice Beast         Ice/Summ       0%         N/A       100%        4
 Fireball                 Conj/Fire      0%         3d3       100%        5
 Summon Mana Viper        Hex/Summ       0%         N/A       100%        5
 Dispersal                Tloc           0%         N/A       100%        6
 Starburst                Conj/Fire      0%         6d3       100%        6
 Monstrous Menagerie      Summ           0%         N/A       100%        7
 Orb of Destruction       Conj           0%         9d5       100%        7
 Spellforged Servitor     Conj/Summ      0%         N/A       100%        7


Dungeon Overview and Level Annotations

Branches:
Dungeon (11/15)              Lair (0/5) D:10          Sewer (visited)
 Temple: D:4-7          Orc: D:9-12

Altars:
Ashenzari
Gozag
Hepliaklqana
Trog
Uskayaw

Shops:
D:3 ?   D:4 (

Annotations:
D:5 2 transporters


Innate Abilities, Weirdness & Mutations

You are completely covered in iridescent scales. (AC +6)
You have an increased reservoir of magic. (+10% MP)
You are very robust. (+20% HP)
Your muscles are strong. (Str +4, Int/Dex -1)


Message History

You slice the sun demon!!
The sun demon is heavily wounded.
You slash the demonic plant! The sun demon hits you!
You are engulfed in flames!!
You closely miss the sun demon.
The sun demon is heavily wounded.
You hit the demonic plant. The sun demon hits you.
You are engulfed in flames!!
You closely miss the sun demon.
The sun demon is heavily wounded.
You slash the demonic plant!
A nearby demonic plant withers and dies.
The sun demon hits you but does no damage.
You hit the sun demon but do no damage.
The sun demon is heavily wounded.
The sun demon hits you but does no damage.
The sun demon barely misses you.
You hit the sun demon but do no damage.
The sun demon is heavily wounded.
The sun demon hits you!
You are engulfed in flames!!
You slash the sun demon!
The sun demon is severely wounded.
The sun demon hits you but does no damage.
Okay, then.
You slash the sun demon!
The sun demon is almost dead.
The sun demon hits you!
* * * LOW HITPOINT WARNING * * *
You are engulfed in flames!!
* * * LOW HITPOINT WARNING * * *
You feel better. You block the sun demon's attack.
You feel better. You block the sun demon's attack.
You closely miss the sun demon.
The sun demon is almost dead.
You block the sun demon's attack.
You hit the sun demon.
The sun demon is almost dead.
The sun demon hits you!!
* * * LOW HITPOINT WARNING * * *
You are engulfed in flames!
You die...

..# ###..#
#....#
##.#..#
#§§§..#
#§§♣P.#
#♣§♣..#
#.3@..#
#.##?.# #
#.....# .#
####..##.#+
#.##...#
#..[.8.#
##.##...#
##...######
#.........#


You could see a sun demon.

Vanquished Creatures
  Harold (D:9)
  Joseph (D:9)
  Maggie (D:9)
  A komodo dragon (D:10)
  An ice devil (D:11)
  A queen bee (D:10)
  6 trolls
  2 hornets
  Sigmund (D:6)
  3 yaks (D:10)
  3 wyverns
  3 water moccasins
  Duvessa (D:6)
  A hornet zombie (D:8)
  An ice beast (D:7)
  An orc warrior (D:11)
  2 wolves (D:10)
  3 ogres
  2 phantoms
  A kobold brigand (D:8)
  2 necrophages
  A scorpion (D:5)
  A wight (D:8)
  Dowan (D:6)
  25 killer bees (D:10)
  2 electric eels (D:10)
  2 howler monkeys (D:7)
  2 centaur zombies (D:8)
  6 jellies
  6 orc priests
  8 hounds
  Ijyb (D:3)
  An iguana (D:6)
  6 orc wizards
  A howler monkey zombie (D:8)
  7 adders
  A river rat (Sewer)
  A white imp (D:7)
  2 ufetubi
  3 worms
  3 dart slugs
  28 orcs
  12 ball pythons
  2 bats
  12 endoplasms
  10 giant cockroaches
  14 goblins
  7 hobgoblins
  8 kobolds
  3 quokkas
  5 frilled lizards
  8 rats
227 creatures vanquished.

Vanquished Creatures (collateral kills)
  Nergalle (D:10)
  A komodo dragon (D:10)
2 creatures vanquished.

Vanquished Creatures (others)
  An orc warrior (D:8)
  A centaur (D:7)
  A bullfrog (D:7)
  4 killer bees (D:10)
  19 jellies
  3 howler monkeys
  A centaur zombie (D:8)
  An orc priest (D:11)
  An iguana (D:7)
  3 orc wizards
  A killer bee zombie (D:8)
  An adder (D:6)
  3 orcs
  A frilled lizard (D:10)
  A demonic plant (D:11)
  9 plants (D:10)
  3 withered plants (D:8)
54 creatures vanquished.

Grand Total: 283 creatures vanquished

Notes
Turn   | Place    | Note
-------+----------+-------------------------------------------
     0 | D:1      | retardedninja the Hill Orc Fighter began the quest for the
                  | Orb.
     0 | D:1      | Reached XP level 1. HP: 19/19 MP: 1/1
   140 | D:1      | Reached XP level 2. HP: 27/27 MP: 2/2
   600 | D:1      | Reached XP level 3. HP: 26/33 MP: 3/3
   796 | D:2      | Identified the +8 whip of Day {freeze, Str+2}
  1757 | D:3      | Reached XP level 4. HP: 40/40 MP: 4/4
  1874 | D:3      | Noticed Ijyb
  1900 | D:3      | Killed Ijyb
  2196 | D:3      | Reached XP level 5. HP: 47/47 MP: 5/5
  2330 | D:3      | Found Otwacwa's Magic Scroll Emporium.
  2501 | D:4      | Found Ykoe's Weapon Shoppe.
  2537 | D:4      | Noticed a phantom
  2549 | D:4      | Killed a phantom
  3296 | D:5      | Entered Level 5 of the Dungeon
  3300 | D:5      | Noticed an ogre
  3307 | D:5      | Killed an ogre
  3308 | D:5      | Reached skill level 5 in Fighting
  3308 | D:5      | Reached XP level 6. HP: 53/56 MP: 6/6
  3388 | D:5      | Reached skill level 5 in Axes
  3394 | D:5      | Reached skill level 5 in Shields
  3397 | D:5      | Reached skill level 5 in Armour
  3443 | D:5      | Reached XP level 7. HP: 61/61 MP: 7/7
  3569 | D:5      | Found a transporter.
  3571 | D:5      | Noticed a wyvern
  3585 | D:5      | Killed a wyvern
  3880 | D:5      | Found a glowing drain.
  3896 | Sewer    | Entered a sewer
  4104 | Sewer    | Reached XP level 8. HP: 54/71 MP: 8/8
  4185 | Sewer    | Found a viscous altar of Jiyva.
  4327 | Sewer    | Became a worshipper of Jiyva Jahotteg the Shapeless
  4527 | D:5      | Found a transporter.
  4763 | D:6      | Noticed Sigmund
  4774 | D:6      | Killed Sigmund
  4889 | D:6      | Noticed Duvessa
  4889 | D:6      | Noticed Dowan
  4893 | D:6      | Killed Duvessa
  4895 | D:6      | Killed Dowan
  4961 | D:6      | Reached * piety under Jiyva
  5932 | D:7      | Reached XP level 9. HP: 80/80 MP: 9/9
  6071 | D:7      | Reached ** piety under Jiyva
  6572 | D:8      | Found an opulent altar of Gozag.
  6594 | D:8      | Reached *** piety under Jiyva
  6702 | D:8      | Gained mutation: You are robust. (+10% HP) [Jiyva's grace]
  6702 | D:8      | Gained mutation: You are very robust. (+20% HP) [Jiyva's
                  | grace]
  6702 | D:8      | Gained mutation: You are extremely robust. (+30% HP)
                  | [Jiyva's grace]
  6702 | D:8      | Gained mutation: You have an increased reservoir of magic.
                  | (+10% MP) [Jiyva's grace]
  6702 | D:8      | Noticed a hornet
  6717 | D:8      | Killed a hornet
  6806 | D:9      | Found a hide-covered altar of Uskayaw.
  6806 | D:9      | Found a bloodstained altar of Trog.
  6807 | D:9      | Found a hazy altar of Hepliaklqana.
  6883 | D:9      | Noticed a troll
  6891 | D:9      | Killed a troll
  7046 | D:9      | Noticed Joseph
  7065 | D:9      | Killed Joseph
  7066 | D:9      | Reached XP level 10. HP: 116/118 MP: 11/11
  7072 | D:9      | Reached **** piety under Jiyva
  7081 | D:9      | Noticed Maggie
  7094 | D:9      | Killed Maggie
  7155 | D:9      | Found a broken altar of Ashenzari.
  7309 | D:9      | Noticed Harold
  7327 | D:9      | Killed Harold
  7328 | D:9      | Reached skill level 1 in Evocations
  7360 | D:9      | Reached skill level 10 in Axes
  7852 | D:10     | Entered Level 10 of the Dungeon
  7975 | D:10     | Found a staircase to the Lair.
  8002 | D:10     | Reached skill level 10 in Fighting
  8399 | D:10     | Noticed Nergalle
  8419 | D:10     | Killed Nergalle
  8420 | D:10     | Reached XP level 11. HP: 42/131 MP: 12/12
  8841 | D:10     | Lost mutation: You are extremely robust. (+30% HP) [Jiyva's
                  | grace]
  8841 | D:10     | Gained mutation: You are partially covered in iridescent
                  | scales. (AC +2) [Jiyva's grace]
  8841 | D:10     | Gained mutation: You are mostly covered in iridescent
                  | scales. (AC +4) [Jiyva's grace]
  8841 | D:10     | Gained mutation: You are completely covered in iridescent
                  | scales. (AC +6) [Jiyva's grace]
  8841 | D:10     | Gained mutation: Your muscles are strong. (Str +4, Int/Dex
                  | -1) [Jiyva's grace]
  8937 | D:10     | Reached ***** piety under Jiyva
  8988 | D:10     | Reached skill level 10 in Shields
  9019 | D:10     | Reached skill level 10 in Armour
  9244 | D:11     | Noticed a sun demon
  9258 | D:11     | Slain by a sun demon

Illustrated notes

Levels and vault maps discovered:
D:1:      tarquinn_simple_flora_water_e, layout_loops_ring
D:2:      layout_basic, minmay_misc_feat_ornament, minmay_misc_feat_enclosed,
          nicolae_kite_square_tiling_tiny, kennysheep_big_empty_room,
          interstate_on_off
D:3:      kennysheep_the_goblin_king, layout_loops_cross, serial_shops,
          nicolae_lakefront_shop, item_on_display_a
D:4:      layout_loops_ring, serial_shops, nicolae_shop_stone,
          hangedman_glass_teeth, hex_tiny
D:5:      gammafunk_steamed_eel, layout_gridville, minmay_temple_entry_fiery,
          gup_sewer_entry_bubbles, uniq_ijyb
D:6:      layout_basic, uniq_duvessa, uniq_sigmund
D:7:      layout_basic
D:8:      layout_gridville, grunt_gozag_statues, serial_undead, serial_undead_b,
          serial_undead_b, serial_undead_d, serial_undead_b,
          kennysheep_generic_room_15
D:9:      layout_grid_maze, grunt_temple_overflow_open,
          ashenzari_conservatory_becter, uniq_harold, uniq_maggie, uniq_joseph
D:10:     layout_roguey, erik_lair_island, special_room [special_room_bee],
          grunt_ministairs_8, dreamdust_princess_bridge,
          hangedman_decor_clover_reticule, minmay_lizard_king, uniq_nergalle
D:11:     layout_loops_ring, hiddenorc2_lemuel, serial_demonic,
          serial_demonic_b, serial_demonic_b, serial_demonic_b,
          serial_demonic_g, led_xom_imps

Skill      XL: |  1  2  3  4  5  6  7  8  9 10 11 |
---------------+----------------------------------+-----
Axes           | 3 4 5 6 7 9 11 | 11.7
Fighting       | 4 5 6 7 9 10 11 | 11.1
Shields        | 4 5 7 8 9 10 | 10.2
Armour         | 4 5 6 8 9 10 | 10.2
Evocations     | 1 |  1.3

Action                     |  1- 3 |  4- 6 |  7- 9 | 10-12 || total
---------------------------+-------+-------+-------+-------++-------
  Melee: War axe           |   113 |   122 |   320 |   321 ||   876
  Throw: Throwing net      |       |       |       |     4 ||     4
  Evoke: Phantom mirror    |       |       |       |     1 ||     1
    Use: Potion            |       |     4 |     2 |     7 ||    13
         Scroll            |       |    15 |     2 |     2 ||    19
 Armour: Scale mail        |    53 |    56 |       |       ||   109
         Chain mail        |       |    29 |   212 |   255 ||   496
         Plate armour      |       |       |       |     4 ||     4
  Dodge: Dodged            |    41 |    41 |   115 |   192 ||   389
  Block: Buckler           |    26 |    29 |    85 |   134 ||   274

Table legend: (Time is in decaauts)
 A = Elapsed time spent in this place.
 B = Non-inter-level travel time spent in this place.
 C = Inter-level travel time spent in this place.
 D = Time resting spent in this place.
 E = Time spent auto-exploring this place.
 F = Levels seen in this place.
 G = Mean time per level.
                   A        B        C        D        E       F      G
               +--------+--------+--------+--------+--------+-----+--------+
         Total |   9471 |   9124 |    347 |   1336 |   5742 |  12 |  789.2 |
       Dungeon |   8980 |   8633 |    347 |   1336 |   5428 |  11 |  816.4 |
         Sewer |    491 |    491 |      0 |      0 |    313 |   1 |  491.0 |
               +--------+--------+--------+--------+--------+-----+--------+

Top non-repeatable levels by time:
    D:10: 1325 daAuts
     D:6: 1102 daAuts
     D:9: 1053 daAuts
     D:5: 1037 daAuts
     D:3: 997 daAuts
     D:4: 943 daAuts
     D:1: 766 daAuts
     D:2: 686 daAuts
     D:7: 528 daAuts
   Sewer: 491 daAuts
     D:8: 460 daAuts
    D:11: 78 daAuts
